 Dungeon Crawl Stone Soup version 0.27-a0-1277-g3808f8b1c9 (webtiles) character file.

Game seed: 5561777789567078798

57 Glokmah the Sneak (level 4, 0/38 HPs)
             Began as a Gnoll Brigand on June 12, 2021.
             Slain by a kobold (3 damage)
             ... on level 2 of the Dungeon.
             The game lasted 00:01:49 (1064 turns).

Glokmah the Sneak (Gnoll Brigand)                   Turns: 1064, Time: 00:01:50

Health: 0/38       AC:  4    Str: 12    XL:     4   Next: 0%
Magic:  5/5        EV: 12    Int: 10    God:
Gold:   51         SH:  5    Dex: 13    Spells: 5/5 levels left

rFire    . . .     SeeInvis .   a - +2 dagger
rCold    . . .     Faith    .   (no shield)
rNeg     . . .     Spirit   .   f - +0 leather armour
rPois    .         Reflect  +   (no helmet)
rElec    .         Harm     .   c - +0 cloak
rCorr    .         Rampage  .   (no gloves)
Will     .....                  (no boots)
Stlth    +++.......             h - amulet of reflection
HPRegen  0.12/turn              (no ring)
MPRegen  0.09/turn              (no ring)

@: no status effects
A: fangs 1, strong nose, distributed training
a: no special abilities


You were on level 2 of the Dungeon.
You visited 1 branch of the dungeon, and saw 2 of its levels.

You collected 51 gold pieces.

Inventory:

Hand Weapons
 a - a +2 dagger (weapon)
Missiles
 d - a poisoned dart
 e - a curare-tipped dart
 g - a javelin (quivered)
 i - 6 boomerangs of dispersal
Armour
 c - a +0 cloak (worn)
 f - a +0 leather armour (worn)
Jewellery
 h - an amulet of reflection (around neck)
Scrolls
 b - a scroll of teleportation {unknown}
 j - a scroll of enchant weapon {unknown}
 k - a scroll of identify {unknown}


   Skills:
 + Level 4.6 Fighting
 + Level 4.6 Short Blades
 + Level 1.0 Long Blades
 + Level 1.0 Axes
 + Level 1.0 Maces & Flails
 + Level 1.0 Polearms
 + Level 1.0 Staves
 + Level 1.0 Slings
 + Level 1.0 Bows
 + Level 1.0 Crossbows
 + Level 4.6 Throwing
 + Level 1.0 Armour
 + Level 2.7 Dodging
 + Level 7.8 Stealth
 + Level 1.0 Shields
 + Level 1.0 Unarmed Combat
 + Level 1.0 Spellcasting
 + Level 0.7 Conjurations
 + Level 0.7 Hexes
 + Level 0.7 Summonings
 + Level 0.7 Necromancy
 + Level 0.7 Translocations
 + Level 0.7 Transmutations
 + Level 0.7 Fire Magic
 + Level 0.7 Ice Magic
 + Level 0.7 Air Magic
 + Level 0.7 Earth Magic
 + Level 0.7 Poison Magic
 + Level 1.1 Invocations
 + Level 1.0 Evocations


You had 5 spell levels left.
You didn't know any spells.
Your spell library was empty.

Dungeon Overview and Level Annotations

Branches:
Dungeon (2/15)

Altars:


Innate Abilities, Weirdness & Mutations

You have very sharp teeth.
Your uncanny sense of smell can sniff out nearby items.
Your experience applies equally to all skills.


Message History

Press: ? - help, Q - select action, (/) - cycle Shift-Dir - straight line, f/p - worm
Aim: a worm (heavily wounded, 79% to hit)
You throw a poisoned dart. The poisoned dart hits the worm.
The worm is poisoned.
The worm is heavily wounded.
Throw: 2 darts (curare)
Press: ? - help, Q - select action, (/) - cycle Shift-Dir - straight line, f/p - worm
Aim: a worm (heavily wounded, poisoned, 79% to hit)
You throw a curare-tipped dart. The curare-tipped dart hits the worm.
The worm looks even sicker.
The worm convulses.
The worm seems to slow down.
The worm is almost dead.
You kill the worm!
You have reached level 4!
You feel stronger.
You see here a poisoned dart.
d - a poisoned dart The kobold misses you.
You barely miss the kobold. The kobold closely misses you.
You barely miss the kobold. You bite the kobold, but do no damage.
You block the kobold's attack.
You hit the kobold but do no damage. You bite the kobold, but do no damage.
You hit the kobold but do no damage.
The kobold hits you with a +0 short sword of protection.
* * * LOW HITPOINT WARNING * * *
You hit the kobold.
The kobold is severely wounded.
The kobold hits you with a +0 short sword of protection.
* * * LOW HITPOINT WARNING * * *
Throw: 3 javelins
Press: ? - help, Q - select action, (/) - cycle Shift-Dir - straight line, f - kobold
Aim: a kobold, wielding a +0 short sword of protection and quivering stones (severely wounded, 55% to hit)
You throw a javelin. The javelin barely misses the kobold.
The kobold misses you.
Throw: 2 javelins
Press: ? - help, Q - select action, (/) - cycle Shift-Dir - straight line, f/p - kobold
Aim: a kobold, wielding a +0 short sword of protection and quivering stones (severely wounded, 55% to hit)
You throw a javelin. The javelin barely misses the kobold.
The kobold hits you with a +0 short sword of protection.
You die...

..# +..# #.# #..# ..#
#..# #.# #..# ..##
#..##... #..#
#..#####......#.
#..###### ##.......#....
.##.......#
##.....##....####..####.#
###.####.....###..####.#
## #..# #...............#
.# #.## #(...>K@..#)##..#
.# #)# ##...####....#..#
.# #>#### #.## #.......#
## #.#.. ....# #.......#
#.#.## #.# #...>..##
#.#.# #.# ##.(.#.#
####)..# #.# ##.##.#
.......# #.# #<##.#
######.#####.#### #.##.#
######


You could see a kobold.

Vanquished Creatures
  Natasha (D:2)
  A worm (D:2)
  A dart slug (D:1)
  2 ball pythons (D:1)
  An endoplasm (D:2)
  A giant cockroach (D:1)
  3 goblins
  2 hobgoblins
  3 jackals (D:2)
  2 kobolds (D:2)
  A quokka (D:2)
  3 bats (D:1)
  2 frilled lizards (D:1)
  3 rats
26 creatures vanquished.

Vanquished Creatures (others)
  A frilled lizard (D:1)
1 creature vanquished.

Grand Total: 27 creatures vanquished

Notes
Turn   | Place    | Note
-------+----------+-------------------------------------------
     0 | D:1      | Glokmah the Gnoll Brigand began the quest for the Orb.
     0 | D:1      | Reached XP level 1. HP: 20/20 MP: 1/1
     8 | D:1      | Found a faded altar of an unknown god.
   158 | D:1      | Reached XP level 2. HP: 23/26 MP: 2/2
   828 | D:2      | Noticed Natasha
   834 | D:2      | Reached XP level 3. HP: 28/31 MP: 3/3
   890 | D:2      | Killed Natasha
   891 | D:2      | Reached skill level 1 in Long Blades
   891 | D:2      | Reached skill level 1 in Axes
   891 | D:2      | Reached skill level 1 in Maces & Flails
   891 | D:2      | Reached skill level 1 in Polearms
   891 | D:2      | Reached skill level 1 in Staves
   891 | D:2      | Reached skill level 1 in Slings
   891 | D:2      | Reached skill level 1 in Bows
   891 | D:2      | Reached skill level 1 in Crossbows
   891 | D:2      | Reached skill level 1 in Armour
   891 | D:2      | Reached skill level 1 in Shields
   891 | D:2      | Reached skill level 1 in Unarmed Combat
   891 | D:2      | Reached skill level 1 in Spellcasting
   891 | D:2      | Reached skill level 1 in Invocations
   891 | D:2      | Reached skill level 1 in Evocations
  1046 | D:2      | Reached XP level 4. HP: 7/38 MP: 5/5
  1064 | D:2      | Slain by a kobold

Illustrated notes

Levels and vault maps discovered:
D:1:      wander_arrival_desolate, layout_basic, ebering_ecumenical_altar_webs,
          hangedman_decor_slide_cut
D:2:      layout_loops_ring, kennysheep_jessica_study, uniq_natasha

Skill      XL: |  1  2  3 |
---------------+----------+-----
Long Blades    | 1 |  1.0
Axes           | 1 |  1.0
Maces & Flails | 1 |  1.0
Polearms       | 1 |  1.0
Staves         | 1 |  1.0
Slings         | 1 |  1.0
Bows           | 1 |  1.0
Crossbows      | 1 |  1.0
Armour         | 1 |  1.0
Shields        | 1 |  1.0
Unarmed Combat | 1 |  1.0
Spellcasting   | 1 |  1.0
Invocations    | 1 |  1.1
Evocations     | 1 |  1.0
Fighting       | |  4.6
Short Blades   | |  4.6
Throwing       | |  4.6
Dodging        | |  2.7
Stealth        | |  7.8
Conjurations   | |  0.7
Hexes          | |  0.7
Summonings     | |  0.7
Necromancy     | |  0.7
Translocations | |  0.7
Transmutations | |  0.7
Fire Magic     | |  0.7
Ice Magic      | |  0.7
Air Magic      | |  0.7
Earth Magic    | |  0.7
Poison Magic   | |  0.7

Action                   |  1- 3 |  4- 6 || total
-------------------------+-------+-------++-------
Melee: Dagger            |    75 |     5 ||    80
       Bite              |     3 |     2 ||     5
Throw: Dart              |     9 |       ||     9
       Javelin           |       |     2 ||     2
 Stab: Sleeping          |     5 |       ||     5
       Distracted        |     1 |       ||     1
Armor: Leather armour    |    15 |       ||    15
       Robe              |     1 |       ||     1
Dodge: Dodged            |    37 |     3 ||    40
Block: Other             |     3 |     1 ||     4

Table legend: (Time is in decaauts)
 A = Elapsed time spent in this place.
 B = Non-inter-level travel time spent in this place.
 C = Inter-level travel time spent in this place.
 D = Time resting spent in this place.
 E = Time spent auto-exploring this place.
 F = Levels seen in this place.
 G = Mean time per level.
                   A        B        C        D        E       F      G
               +--------+--------+--------+--------+--------+-----+--------+
         Total |   1046 |    939 |    107 |     18 |    599 |   2 |  523.0 |
       Dungeon |   1046 |    939 |    107 |     18 |    599 |   2 |  523.0 |
               +--------+--------+--------+--------+--------+-----+--------+

Top non-repeatable levels by time:
     D:1: 707 daAuts
     D:2: 338 daAuts
